 Dungeon Crawl Stone Soup version 0.25-a0-458-g6fc7858b95 (webtiles) character file.

Game seed: 16228363234493844041, levelgen mode: deterministic

244 mopl the Chopper (level 6, -10/55 HPs)
             Began as a Hill Orc Monk on Feb 3, 2020.
             Mangled by an ogre
             ... wielding a +0 giant spiked club
              (11 damage)
             ... on level 4 of the Dungeon.
             The game lasted 00:03:14 (3742 turns).

mopl the Chopper (Hill Orc Monk)                    Turns: 3742, Time: 00:03:15

Health: -10/55     AC:  5    Str: 16    XL:     6   Next: 10%
Magic:  6/6        EV: 11    Int: 10    God:
Gold:   315        SH:  0    Dex: 13    Spells: 5/5 levels left

rFire    . . .     SeeInvis .   a - +0 hand axe
rCold    . . .     Gourm    .   (no shield)
rNeg     . . .     Faith    .   d - +0 ring mail
rPois    .         Spirit   .   (no helmet)
rElec    .         Reflect  .   (no cloak)
rCorr    .         Harm     .   (no gloves)
MR       .....                  (no boots)
Stlth    +.........             p - amulet of the acrobat
HPRegen  0.18/turn              (no ring)
MPRegen  0.10/turn              (no ring)

@: no status effects
A: no striking features
a: no special abilities


You were on level 4 of the Dungeon.
You were not hungry.

You visited 1 branch of the dungeon, and saw 4 of its levels.

You collected 315 gold pieces.

Inventory:

Hand Weapons
 a - a +0 hand axe (weapon)
Missiles
 h - 2 javelins (quivered)
Armour
 b - a +0 robe
 d - a +0 ring mail (worn)
Jewellery
 p - an amulet of the acrobat (around neck)
Wands
 n - a wand of scattershot (4)
 q - a wand of flame (19)
Scrolls
 e - 2 scrolls of fog
 f - 2 scrolls of remove curse
 g - a scroll of amnesia {unknown}
 j - 2 scrolls of teleportation
 m - a scroll of random uselessness {unknown}
 o - a scroll of immolation {unknown}
Potions
 k - a potion of berserk rage {!q}
 l - a potion of haste
Comestibles
 c - 6 rations
 i - a chunk of flesh


   Skills:
 + Level 4.8 Fighting
 * Level 6.3 Axes
 + Level 2.0 Throwing
 + Level 2.5 Armour
 - Level 2.4 Dodging
 - Level 1.5 Stealth


You had 5 spell levels left.
You didn't know any spells.
Your spell library contained the following spells:

 Spells                   Type           Power        Failure   Level  Hunger
 Foxfire                  Conj/Fire      #...         56%         1    ##.....
 Conjure Flame            Conj/Fire      #.......     91%         3    ####...
 Inner Flame              Hex/Fire       #.......     91%         3    ####...
 Sticky Flame             Conj/Fire      #.......     100%        4    #####..
 Fireball                 Conj/Fire      #.........   100%        5    ######.


Dungeon Overview and Level Annotations

Branches:
Dungeon (4/15)
 Temple: D:4-7

Altars:
Gozag

Annotations:
D:3 1 runed translucent door, EtherCrawl's ghost, amateur SpBe


Message History

The ogre is moderately wounded.
You hit the ogre.
The ogre is moderately wounded.
The ogre hits you with a +0 giant spiked club!
You hit the ogre.
The ogre is heavily wounded.
The ogre hits you with a +0 giant spiked club!
You barely miss the ogre.
The ogre is heavily wounded.
The ogre hits you with a +0 giant spiked club.
You slash the ogre!
The ogre is severely wounded.
You hit the ogre.
The ogre is almost dead.
The ogre hits you with a +0 giant spiked club!!
* * * LOW HITPOINT WARNING * * *
You hit the ogre.
The ogre is almost dead.
The ogre hits you with a +0 giant spiked club!
You die...

### ## ##.## #
..## ####...# ##
..... ##......#
###. .....
##.....### #...
...... ##.....##
#.#.
......###.###..#
#.#. .........##
#..# #.##
......O@## #..#
#.## .......##
#.รท# #.##
....... #..###
##..# .......
#..!.###...#
(......
#...........
?..#...
......######...
..###..
##.)...## ##..#
.. ..#
##......##..##
##..........##


You could see an ogre.

Vanquished Creatures
  A water moccasin skeleton (D:4)
  A hound (D:4)
  A worker ant (D:4)
  7 adders
  An ooze (D:2)
  A worm (D:3)
  A dart slug (D:2)
  3 leopard geckos
  2 orcs (D:3)
  5 bats
  4 giant cockroaches
  9 goblins
  7 hobgoblins
  4 jackals (D:4)
  A ball python (D:1)
  5 frilled lizards
  10 kobolds
  7 rats
70 creatures vanquished.

Notes
Turn   | Place    | Note
-------+----------+-------------------------------------------
     0 | D:1      | mopl the Hill Orc Monk began the quest for the Orb.
     0 | D:1      | Reached XP level 1. HP: 19/19 MP: 1/1
   123 | D:1      | Reached XP level 2. HP: 12/27 MP: 2/2
   805 | D:2      | Reached skill level 1 in Armour
   822 | D:2      | Reached XP level 3. HP: 33/33 MP: 3/3
   843 | D:2      | Reached skill level 4 in Fighting
   939 | D:2      | Reached skill level 1 in Throwing
  1193 | D:2      | Reached skill level 5 in Axes
  1249 | D:2      | Reached XP level 4. HP: 29/40 MP: 4/4
  1794 | D:3      | Found a runed translucent door.
  1794 | D:3      | Noticed EtherCrawl's ghost (amateur SpBe)
  2144 | D:3      | Found an opulent altar of Gozag.
  2722 | D:4      | Reached skill level 2 in Armour
  2722 | D:4      | Reached XP level 5. HP: 23/47 MP: 5/5
  3145 | D:4      | Reached skill level 6 in Axes
  3152 | D:4      | Reached skill level 2 in Throwing
  3152 | D:4      | Reached XP level 6. HP: 16/53 MP: 6/6
  3741 | D:4      | HP: 1/55 [ogre/+0 giant spiked club (26)]
  3742 | D:4      | Mangled by an ogre

Levels and vault maps discovered:
D:1:      matt_arrival_diagonals, layout_basic, minivault_4
D:2:      layout_loops_ring
D:3:      cheibrodos_greedy_goblins, layout_basic,
          hellmonk_ghost_happy_afterlife,
          nicolae_gozag_cash_rules_everything_around_me
D:4:      layout_layer_cave, first_ration

Skill      XL: |  1  2  3  4  5 |
---------------+----------------+-----
Armour         | 1 2 |  2.5
Fighting       | 4 |  4.8
Throwing       | 1 2 |  2.0
Axes           | 5 6 |  6.3
Dodging        | |  2.4
Stealth        | |  1.5

Action                   |  1- 3 |  4- 6 || total
-------------------------+-------+-------++-------
Melee: Hand axe          |   106 |   168 ||   274
Throw: Javelin           |       |     3 ||     3
  Use: Scroll            |       |     6 ||     6
 Stab: Sleeping          |       |     2 ||     2
  Eat: Chunk             |       |     9 ||     9
Armor: Ring mail         |    56 |    35 ||    91
Dodge: Dodged            |    58 |    79 ||   137

Table legend:
 A = Non-vault XP
 B = Vault XP
 C = Vault XP percentage of total XP
 D = Non-vault monster count
 E = Vault monster count
 F = Vault count percentage of total count
                 A         B        C        D         E       F
            +---------+---------+-------+---------+---------+-------
      Total |     332 |      17 |   4.9 |      61 |       9 |  12.9
            +---------+---------+-------+---------+---------+-------
        D:1 |      28 |       0 |   0.0 |      21 |       0 |   0.0
        D:2 |      65 |       0 |   0.0 |      15 |       0 |   0.0
        D:3 |      51 |      17 |  25.0 |      13 |       9 |  40.9
        D:4 |     188 |       0 |   0.0 |      12 |       0 |   0.0
            +---------+---------+-------+---------+---------+-------
